[Event "Titled Tuesday Blitz May 23 Early 2023"]
[White "Alhadad, Mahmoud"]
[Black "Ljukin, Sergei"]
[WhiteFideId "11501863"]
[BlackFideId "14102200"]
[WhiteElo "1955"]
[BlackElo "2312"]
[Result "0-1"]
[Round "02"]
[TimeControl "180+2"]
[Date "2023.05.23"]
[WhiteClock "0:00:04"]
[BlackClock "0:00:04"]

1. e4 e6 2. d4 d5 3. Bd3 dxe4 4. Bxe4 Nf6 5. Bf3 Nbd7 6. Ne2 Bd6 7. Be3 e5 8. Nbc3 O-O 9. Qd2 Qe8 10. Ng3 exd4 11. Qxd4 Bc5 12. Qd2 Ne5 13. Be2 Bb4 14. O-O Bg4 15. Qd4 c5 16. Qf4 Ng6 17. Qc7 Bxc3 18. bxc3 Bxe2 19. Nxe2 Nd5 20. Qxc5 Nxe3 21. Qxe3 Qxe3 22. fxe3 Rfe8 23. Rf3 Ne5 24. Rg3 Nc4 25. Nd4 Nxe3 26. Re1 Nd5 27. Rb1 b6 28. Nf5 g6 29. Rd1 Nf4 30. Kf2 Ne2 31. Rg4 Nxc3 32. Rd7 Ne4+ 33. Kg1 Nf6 34. Nh6+ Kh8 35. Nxf7+ Kg7 36. Rgd4 Nxd7 37. Rxd7 Kf6 38. Nd6 Ke6 39. Nxe8 Kxd7 40. Nf6+ Ke6 41. Nxh7 Kf5 42. h4 Rc8 43. Ng5 Rxc2 44. Nf3 Rxa2 45. Kh2 a5 46. Kg3 a4 47. Nd4+ Kf6 48. Kf3 Rb2 49. g4 a3 50. g5+ Kf7 51. Nc6 a2 52. Ne5+ Kg7 53. Nd3 Rb3 54. Ke4 Rxd3 55. h5 a1=Q 56. h6+ Kf7 57. h7 Qd4# 0-1


[Site "https://www.chess.com"]

[Event "Titled Tuesday Blitz May 23 Early 2023"]
[White "zsizsi99"]
[Black "Pasti, Aron"]
[BlackFideId "785857"]
[WhiteElo "2263"]
[BlackElo "2173"]
[Result "1-0"]
[Round "02"]
[TimeControl "180+2"]
[Date "2023.05.23"]
[WhiteClock "0:00:12"]
[BlackClock "0:00:03"]

1. e4 e5 2. d4 exd4 3. Qxd4 Nc6 4. Qe3 d6 5. Nc3 Nf6 6. Bd2 Be7 7. O-O-O O-O 8. Nh3 a6 9. Nf4 b5 10. h4 Ne5 11. h5 c5 12. Qg3 b4 13. Ncd5 Nxe4 14. Nxe7+ Qxe7 15. Nd5 Qe6 16. Qb3 Nxf2 17. h6 Nxh1 18. hxg7 Re8 19. Bg5 Qg6 20. Nf6+ Kxg7 21. Nxe8+ Kf8 22. Qe3 Be6 23. Nxd6 Ng4 24. Qxc5 Kg8 25. Bd3 Qh5 26. Be4 Nhf2 27. Bxa8 Nxd1 28. Kxd1 Ne5+ 29. Bf3 Nxf3 30. g3 Nxg5+ 31. Kc1 Nf3 32. Qxh5 Nd4 33. Qd1 Nf5 34. Nxf5 Bxf5 35. Qd6 Kg7 36. Qxa6 Be6 37. Qb6 Kg6 38. Qxb4 Kg5 39. Qf4+ Kg6 40. a4 h5 41. a5 1-0


[Site "https://www.chess.com"]

[Event "Titled Tuesday Blitz May 23 Early 2023"]
[White "Kuchava, Ana"]
[Black "Grunberg, Mihai-Lucian"]
[WhiteFideId "13605348"]
[BlackFideId "1204149"]
[WhiteElo "2001"]
[BlackElo "2363"]
[Result "1/2-1/2"]
[Round "02"]
[TimeControl "180+2"]
[Date "2023.05.23"]
[WhiteClock "0:00:06"]
[BlackClock "0:01:04"]

1. d4 c5 2. d5 Nf6 3. c4 e6 4. Nc3 exd5 5. cxd5 d6 6. e4 a6 7. a4 g6 8. Nf3 Bg7 9. Bd3 O-O 10. h3 Re8 11. O-O Nbd7 12. Bf4 Qc7 13. a5 b5 14. axb6 Nxb6 15. Nd2 c4 16. Bc2 Bd7 17. Re1 Bb5 18. Nf3 Nfd7 19. Nd4 Bxd4 20. Qxd4 Ne5 21. Nxb5 axb5 22. Be3 Nbd7 23. f4 Nd3 24. Bxd3 cxd3 25. Qxd3 Rxa1 26. Rxa1 Nf6 27. e5 dxe5 28. d6 Qc6 29. fxe5 Rxe5 30. Rc1 Qe8 31. Bh6 Nd7 32. Kh2 f6 33. Rc7 Kf7 34. Qb3+ Re6 35. Qd5 Qd8 36. Qc6 Ke8 37. Qd5 Kf7 38. Qc6 Ke8 39. Qd5 Kf7 1/2-1/2


[Site "https://www.chess.com"]

[Event "Titled Tuesday Blitz May 23 Early 2023"]
[White "Shapiro, Viktor"]
[Black "Rosh Jain"]
[WhiteFideId "4175700"]
[BlackFideId "25789465"]
[WhiteElo "2152"]
[BlackElo "2233"]
[Result "0-1"]
[Round "02"]
[TimeControl "180+2"]
[Date "2023.05.23"]
[WhiteClock "0:00:00"]
[BlackClock "0:00:03"]

1. c4 Nf6 2. Nc3 e6 3. Nf3 d5 4. g3 d4 5. Na4 a6 6. Bg2 Bd7 7. Nxd4 Nc6 8. Nxc6 Bxc6 9. Bxc6+ bxc6 10. O-O Be7 11. d3 O-O 12. Nc3 Bc5 13. e3 Qd7 14. d4 Ba7 15. b3 Rfd8 16. Ba3 e5 17. dxe5 Qe6 18. Qf3 Qxe5 19. Rac1 Rd3 20. Qxc6 Rad8 21. Bb2 Qh5 22. Rc2 Ng4 23. h4 h6 24. Qf3 Qg6 25. Nd5 R3xd5 26. cxd5 Qxc2 27. Bxg7 Kxg7 28. Qxg4+ Qg6 29. Qf3 Bb6 30. e4 Bd4 31. Kg2 Be5 32. Rc1 Qf6 33. Qg4+ Qg6 34. Qe2 Rd6 35. Rxc7 Rxd5 36. exd5 Bxc7 37. Qe7 Qd6 38. Qe4 Qe5 39. Qc4 Bd6 40. b4 h5 41. a4 f5 42. b5 axb5 43. axb5 Kf6 44. b6 Qe4+ 45. Qxe4 fxe4 46. f3 e3 47. g4 hxg4 48. fxg4 Ke5 0-1


[Site "https://www.chess.com"]

[Event "Titled Tuesday Blitz May 23 Early 2023"]
[White "Barbot, Pierre"]
[Black "ChawitAp"]
[WhiteFideId "663727"]
[WhiteElo "2431"]
[BlackElo "2255"]
[Result "1-0"]
[Round "02"]
[TimeControl "180+2"]
[Date "2023.05.23"]
[WhiteClock "0:00:04"]
[BlackClock "0:00:04"]

1. d4 d5 2. Nc3 e6 3. Bf4 Nf6 4. Nb5 Na6 5. e3 c6 6. Nc3 Bd6 7. Nf3 O-O 8. Ne5 Qc7 9. Qf3 Nb4 10. O-O-O Nd7 11. Qg3 f6 12. Ng4 Bxf4 13. exf4 c5 14. a3 cxd4 15. Rxd4 Nc6 16. Rd3 Nc5 17. Rd1 d4 18. Nb5 Qe7 19. Nxd4 Nxd4 20. Rxd4 Bd7 21. Bc4 b5 22. Ba2 a5 23. Re1 b4 24. Nh6+ Kh8 25. Nf5 Qf7 26. Nd6 Qe7 27. f5 bxa3 28. Qxa3 exf5 29. Rxe7 Ne4 30. Rxd7 Rab8 31. Nxe4 fxe4 32. Qe7 Rg8 33. Bxg8 1-0


[Site "https://www.chess.com"]

[Event "Titled Tuesday Blitz May 23 Early 2023"]
[White "Xu, Daniel"]
[Black "James, Stuart"]
[WhiteFideId "2627345"]
[BlackFideId "7400489"]
[WhiteElo "1980"]
[BlackElo "1950"]
[Result "1-0"]
[Round "02"]
[TimeControl "180+2"]
[Date "2023.05.23"]
[WhiteClock "0:00:06"]
[BlackClock "0:00:07"]

1. e4 e5 2. Nf3 Nc6 3. Bb5 a6 4. Ba4 Nf6 5. O-O Be7 6. Re1 b5 7. Bb3 O-O 8. h3 d6 9. c3 Na5 10. Bc2 c5 11. d4 Nc6 12. Nbd2 exd4 13. cxd4 Nxd4 14. Nxd4 cxd4 15. Nf3 d5 16. e5 Ne4 17. Nxd4 Bb7 18. Be3 Rc8 19. Rc1 Qd7 20. f3 Ng5 21. Qd3 g6 22. Bb3 Ne6 23. Qd2 Rxc1 24. Rxc1 Rc8 25. Rd1 Bc5 26. Kh2 Qc7 27. f4 Qb6 28. Nc2 d4 29. Nxd4 Rd8 30. Bxe6 fxe6 31. Qf2 Bxd4 32. Bxd4 Qc6 33. Rd2 Qe4 34. Bc3 Rf8 35. Rd4 Rxf4 36. Rd8+ Kg7 37. Rd7+ Kh6 38. Qg3 Rf5 39. Bd2+ g5 40. h4 Qxe5 41. Bxg5+ Kg6 42. Bf4+ Rg5 43. hxg5 Kf5 44. Bxe5 Ke4 45. Rf7 Bd5 46. Qf4+ Kd3 47. Qd4+ Kc2 48. Rf2+ Kb1 49. Qd1+ Kxa2 50. b4+ Ka3 51. Qd2 Ka4 52. Qc3 Bb3 53. Rb2 a5 54. Qxb3# 1-0


[Site "https://www.chess.com"]

[Event "Titled Tuesday Blitz May 23 Early 2023"]
[White "Fiedorek, Michal"]
[Black "Nithyalakshmi, Sivanesan"]
[WhiteFideId "1199528"]
[BlackFideId "5706955"]
[WhiteElo "2135"]
[BlackElo "1815"]
[Result "1-0"]
[Round "02"]
[TimeControl "180+2"]
[Date "2023.05.23"]
[WhiteClock "0:01:03"]
[BlackClock "0:00:20"]

1. e4 e6 2. d4 d5 3. Nd2 Nc6 4. Ngf3 Nf6 5. e5 Nd7 6. c3 f6 7. exf6 Qxf6 8. Bd3 e5 9. dxe5 Ndxe5 10. Nxe5 Nxe5 11. Be2 Bd6 12. Nf3 O-O 13. Be3 c6 14. Qd2 Ng4 15. Bg5 Qg6 16. h3 Ne5 17. O-O-O Nc4 18. Bxc4 Bf5 19. Nh4 Qf7 20. Nxf5 Qxf5 21. Bd3 Qf7 22. Be3 d4 23. Bxd4 Qxa2 24. Bb1 Qa4 25. Be3 Be5 26. Qc2 Qh4 27. g3 Qh5 28. f4 Bf6 29. g4 Qh4 30. Bf2 Qh6 31. g5 Bxg5 32. fxg5 Qxg5+ 33. Qd2 Qf6 34. Bd4 Qh4 35. Rhg1 g6 36. Ba2+ Rf7 37. Rdf1 1-0


[Site "https://www.chess.com"]

[Event "Titled Tuesday Blitz May 23 Early 2023"]
[White "Zaichenko, Daria"]
[Black "Zavortink, Matt"]
[WhiteFideId "4197453"]
[BlackFideId "2034263"]
[WhiteElo "2039"]
[BlackElo "2470"]
[Result "1-0"]
[Round "02"]
[TimeControl "180+2"]
[Date "2023.05.23"]
[WhiteClock "0:00:10"]
[BlackClock "0:00:00"]

1. e4 e6 2. d4 d5 3. e5 c5 4. c3 Nc6 5. Nf3 Bd7 6. a3 Nge7 7. Bd3 cxd4 8. cxd4 Qb6 9. Bc2 Nf5 10. Bxf5 exf5 11. O-O Be7 12. b4 h6 13. Bb2 O-O 14. Nc3 Be6 15. Ne2 a5 16. Nf4 axb4 17. axb4 Qxb4 18. Qc2 Qb6 19. Bc3 Qc7 20. Rab1 Ra3 21. Bb2 Ra2 22. Ra1 Rfa8 23. Rxa2 Rxa2 24. Qb3 Ra5 25. Bc3 Ra3 26. Qb2 Na5 27. Bxa5 Rxa5 28. Rc1 Qd8 29. Qxb7 Kh7 30. h3 Ra2 31. Rc7 Bf8 32. Nxe6 fxe6 33. Rc8 Qe7 34. Qxe7 Bxe7 35. Rc6 Ra1+ 36. Kh2 Ra2 37. Rxe6 Bf8 38. Re8 Bb4 39. e6 Rxf2 40. Rd8 Re2 41. Ne5 Bd2 42. Rxd5 Bf4+ 43. Kg1 Bg3 44. Nf3 Rxe6 45. Rxf5 Ra6 46. Kf1 Ra1+ 47. Ke2 Ra2+ 48. Kd3 Rxg2 49. d5 Rg1 50. Ke4 Rd1 51. Rf8 Bd6 52. Rd8 Ba3 53. Ne5 Bb2 54. Nf7 Re1+ 55. Kf5 Rf1+ 56. Ke6 Rf6+ 57. Ke7 Ba3+ 58. Ke8 1-0


[Site "https://www.chess.com"]

[Event "Titled Tuesday Blitz May 23 Early 2023"]
[White "Thiel, Thomas"]
[Black "Turzo, Attila"]
[WhiteFideId "4615964"]
[BlackFideId "704954"]
[WhiteElo "2242"]
[BlackElo "2469"]
[Result "0-1"]
[Round "02"]
[TimeControl "180+2"]
[Date "2023.05.23"]
[WhiteClock "0:00:00"]
[BlackClock "0:00:13"]

1. e4 d6 2. d4 Nf6 3. Nc3 g6 4. Bc4 c6 5. Qe2 d5 6. exd5 cxd5 7. Bxd5 Nxd5 8. Qb5+ Nc6 9. Qxd5 Nxd4 10. Qxd8+ Kxd8 11. Kf1 Nxc2 12. Rb1 Bf5 13. Bf4 Bg7 14. Rd1+ Bd7 15. Nge2 Nb4 16. a3 Nc6 17. g3 e5 18. Be3 Kc8 19. Kg2 Be6 20. Nb5 Rd8 21. Nec3 Nd4 22. Rhe1 b6 23. Bxd4 exd4 24. Ne4 Kb7 25. Ned6+ Kc6 26. Rc1+ Kd5 27. Nc4 Rac8 28. Nd2 Rc5 29. Nc7+ Kc6 30. Nxe6 fxe6 31. Rxe6+ Kd7 32. Rxc5 bxc5 33. Ra6 Be5 34. Rxa7+ Bc7 35. Nc4 Kc6 36. Na5+ Bxa5 37. Rxa5 d3 0-1


[Site "https://www.chess.com"]

[Event "Titled Tuesday Blitz May 23 Early 2023"]
[White "Rios Escobar, Adan"]
[Black "Feinig, Mario"]
[WhiteFideId "3403645"]
[BlackFideId "1618113"]
[WhiteElo "2468"]
[BlackElo "2163"]
[Result "0-1"]
[Round "02"]
[TimeControl "180+2"]
[Date "2023.05.23"]
[WhiteClock "0:00:00"]
[BlackClock "0:00:05"]

1. d4 f5 2. g3 e6 3. Bg2 Nf6 4. Nf3 Be7 5. O-O O-O 6. c4 d6 7. b3 a5 8. Bb2 a4 9. b4 Nbd7 10. a3 Nb6 11. Nbd2 Ne4 12. Rc1 Bd7 13. Ne1 Nxd2 14. Qxd2 d5 15. cxd5 exd5 16. Nd3 Bb5 17. Nc5 Nc4 18. Qc3 Bxc5 19. dxc5 Nxb2 20. Qxb2 c6 21. Rfe1 Qf6 22. Qxf6 Rxf6 23. e3 Re8 24. Red1 g5 25. Rd4 f4 26. gxf4 gxf4 27. exf4 Rfe6 28. h4 Re1+ 29. Rxe1 Rxe1+ 30. Kh2 Ra1 31. f5 Rxa3 32. Rf4 Kf7 33. f6 Rb3 34. Rg4 Kxf6 35. Rg7 a3 36. Rxb7 Rxb4 0-1


[Site "https://www.chess.com"]

[Event "Titled Tuesday Blitz May 23 Early 2023"]
[White "Martin, Lewis"]
[Black "Andreev, Konstantin"]
[WhiteFideId "410551"]
[BlackFideId "24239305"]
[WhiteElo "2145"]
[BlackElo "2106"]
[Result "0-1"]
[Round "02"]
[TimeControl "180+2"]
[Date "2023.05.23"]
[WhiteClock "0:01:10"]
[BlackClock "0:01:58"]

1. e4 c5 2. Nf3 e6 3. d4 cxd4 4. Nxd4 Nc6 5. Nc3 Qc7 6. g3 a6 7. Bg2 Nf6 8. O-O Nxd4 9. Qxd4 Bc5 10. Qd3 h6 11. h3 d6 12. Be3 Nd7 13. f4 O-O 14. Rad1 Bxe3+ 15. Qxe3 b5 16. Qd4 Qc5 17. Qxc5 dxc5 18. e5 Ra7 19. Ne4 c4 20. Nd6 Nc5 21. Rd2 Bd7 22. Rfd1 Rc7 23. g4 Bc6 24. Bxc6 Rxc6 25. f5 Na4 26. c3 Rb8 27. Kf2 b4 28. cxb4 Rxb4 29. fxe6 fxe6 30. Rc1 Nxb2 31. Rdc2 Nd3+ 32. Ke2 Nxc1+ 33. Rxc1 Rb2+ 34. Ke3 c3 0-1


[Site "https://www.chess.com"]

[Event "Titled Tuesday Blitz May 23 Early 2023"]
[White "Toropov, Pavel"]
[Black "Coelho, Ramyres Santana"]
[WhiteFideId "24129178"]
[BlackFideId "2120690"]
[WhiteElo "2182"]
[BlackElo "1888"]
[Result "1-0"]
[Round "02"]
[TimeControl "180+2"]
[Date "2023.05.23"]
[WhiteClock "0:02:31"]
[BlackClock "0:00:16"]

1. e4 c5 2. Nf3 d6 3. Bb5+ Nd7 4. d4 cxd4 5. Qxd4 a6 6. Bxd7+ Bxd7 7. Nc3 e5 8. Qd3 Nf6 9. Bg5 Be7 10. Bxf6 gxf6 11. Nd2 Be6 12. Nc4 Rc8 13. Ne3 Qb6 14. O-O-O O-O 15. Ncd5 Bxd5 16. Nxd5 Qd8 17. Nxe7+ Qxe7 18. Qxd6 Qxd6 19. Rxd6 Rc6 20. Rxc6 bxc6 21. Rd1 Rc8 22. Rd7 c5 23. Rd6 a5 24. Rxf6 Rd8 25. Ra6 Rd4 26. f3 a4 27. Ra5 Rc4 28. b3 axb3 29. axb3 Rd4 30. Rxc5 f6 31. Rc4 Rd6 32. b4 Kf7 33. b5 Kg6 34. Rc6 Rd7 35. b6 Rb7 36. c4 Kg5 37. c5 Kf4 38. Rc7 Rb8 39. b7 Ke3 40. c6 Rd8 41. Rc8 1-0


[Site "https://www.chess.com"]

[Event "Titled Tuesday Blitz May 23 Early 2023"]
[White "DIM90"]
[Black "Pham, Le Thao Nguyen"]
[BlackFideId "12401226"]
[WhiteElo "2231"]
[BlackElo "2286"]
[Result "0-1"]
[Round "02"]
[TimeControl "180+2"]
[Date "2023.05.23"]
[WhiteClock "0:01:39"]
[BlackClock "0:01:04"]

1. e4 c5 2. d4 cxd4 3. c3 d3 4. Bxd3 d6 5. Nf3 Nc6 6. O-O g6 7. Qe2 Bg7 8. Rd1 Qc7 9. Na3 a6 10. Bf4 Bd7 11. Nc4 b5 12. Ne3 Nf6 13. a4 bxa4 14. Nd5 Nxd5 15. exd5 Ne5 16. Nxe5 dxe5 17. Bg5 Qd6 18. c4 O-O 19. Qe3 Rfc8 20. Rac1 Rc5 21. Qe2 f5 22. Be3 e4 23. Bb1 Rb8 24. Bxc5 Qxc5 25. Rc2 Be5 26. Ba2 Bd6 27. g3 h5 28. Qe3 Qxe3 29. fxe3 Bc5 30. Rd4 Kf7 31. Kf2 Kf6 32. Rdd2 Ke5 33. d6 exd6 34. Rd5+ Kf6 35. Rcd2 Be6 36. Rxd6 Bxd6 37. Rxd6 Rxb2+ 38. Ke1 Rxa2 0-1


[Site "https://www.chess.com"]

[Event "Titled Tuesday Blitz May 23 Early 2023"]
[White "Rodchenkov, Sergey D."]
[Black "Aanna12"]
[WhiteFideId "4168712"]
[WhiteElo "2277"]
[BlackElo "2221"]
[Result "1-0"]
[Round "02"]
[TimeControl "180+2"]
[Date "2023.05.23"]
[WhiteClock "0:00:13"]
[BlackClock "0:00:10"]

1. e4 c5 2. Nf3 d6 3. d4 cxd4 4. Nxd4 Nf6 5. Nc3 a6 6. Be3 e5 7. Nb3 Be7 8. f3 Be6 9. Qd2 Nbd7 10. g4 h6 11. O-O-O b5 12. Kb1 Nb6 13. Na5 Qc7 14. a3 Rc8 15. h4 Nc4 16. Bxc4 Bxc4 17. Nxc4 Qxc4 18. g5 Nh5 19. Nd5 Bd8 20. gxh6 gxh6 21. Bxh6 Ng3 22. Rhg1 Ne2 23. b3 Nc3+ 24. Nxc3 Qxc3 25. Qxc3 Rxc3 26. Rxd6 Bxh4 27. Kb2 Rxf3 28. Bg7 Rg8 29. Rxa6 Kd7 30. Ra7+ Ke6 31. Ra6+ Kd7 32. Rd1+ Ke7 33. Ra7+ Ke6 34. Ra6+ Ke7 35. Bxe5 Rg4 36. Rh6 Rxe4 37. Bd6+ Ke8 38. Rh8+ Kd7 39. Bg3+ Ke6 40. Bxh4 f5 41. Re8+ 1-0


[Site "https://www.chess.com"]

[Event "Titled Tuesday Blitz May 23 Early 2023"]
[White "Antonova, Nadezhda"]
[Black "Bilan, Danila"]
[WhiteFideId "14700182"]
[BlackFideId "24161918"]
[WhiteElo "1799"]
[BlackElo "2182"]
[Result "1-0"]
[Round "02"]
[TimeControl "180+2"]
[Date "2023.05.23"]
[WhiteClock "0:00:15"]
[BlackClock "0:00:00"]

1. Nf3 d5 2. b3 Nf6 3. Bb2 c5 4. e3 Nc6 5. Bb5 Qb6 6. Qe2 Bg4 7. Bxc6+ Qxc6 8. h3 Bh5 9. g4 Bg6 10. Ne5 Qb6 11. d3 e6 12. h4 h5 13. Nxg6 fxg6 14. g5 Nd7 15. f4 Kf7 16. Nd2 Bd6 17. O-O Rhf8 18. e4 Rae8 19. e5 Be7 20. c4 Qc6 21. Rae1 b5 22. f5 d4 23. cxb5 Qxb5 24. fxg6+ Kxg6 25. Qe4+ Rf5 26. Nc4 Rf8 27. Nd6 Bxd6 28. exd6 e5 29. Rxf5 1-0


[Site "https://www.chess.com"]

[Event "Titled Tuesday Blitz May 23 Early 2023"]
[White "merinasian"]
[Black "rionelG"]
[WhiteElo "2461"]
[BlackElo "2203"]
[Result "1-0"]
[Round "02"]
[TimeControl "180+2"]
[Date "2023.05.23"]
[WhiteClock "0:00:31"]
[BlackClock "0:00:02"]

1. d4 Nf6 2. Nf3 g6 3. g3 Bg7 4. Bg2 O-O 5. O-O d6 6. b3 c5 7. Bb2 cxd4 8. Nxd4 a6 9. c4 Qc7 10. Nc3 Nc6 11. Rc1 Bd7 12. Nd5 Qd8 13. Nxc6 Bxc6 14. Nxf6+ Bxf6 15. Bxf6 exf6 16. Qd4 Kg7 17. Rfd1 Bxg2 18. Kxg2 Qa5 19. Rc2 Rad8 20. Qd5 Qb6 21. h4 h5 22. Rd3 Rfe8 23. Rcd2 Qc6 24. f3 Re5 25. Qxc6 bxc6 26. e4 d5 27. cxd5 cxd5 28. Rxd5 Rexd5 29. Rxd5 Rc8 30. Ra5 Rc2+ 31. Kg1 Rc6 32. Kf2 Kf8 33. Ke3 Rc3+ 34. Kf4 Rc6 35. b4 Ke7 36. Rc5 Rb6 37. a3 Rd6 38. Ke3 Ke6 39. f4 Rb6 40. Kd4 Rd6+ 41. Kc4 Rd1 42. Rc6+ Ke7 43. Rxa6 Rg1 44. b5 Rxg3 45. b6 Kd6 46. b7+ Kc7 47. Rb6 Kb8 48. a4 Re3 49. a5 Rxe4+ 50. Kc5 Ra4 51. a6 Ra2 52. Kd6 f5 53. Ke7 1-0


[Site "https://www.chess.com"]

[Event "Titled Tuesday Blitz May 23 Early 2023"]
[White "Floresvillar Gonzalez, Luis Migu"]
[Black "Heinemann, Josefine"]
[WhiteFideId "5100542"]
[BlackFideId "12900460"]
[WhiteElo "2040"]
[BlackElo "2342"]
[Result "1-0"]
[Round "02"]
[TimeControl "180+2"]
[Date "2023.05.23"]
[WhiteClock "0:00:09"]
[BlackClock "0:01:06"]

1. e4 c5 2. d4 cxd4 3. c3 Nf6 4. e5 Nd5 5. Nf3 d6 6. exd6 e6 7. c4 Nf6 8. Qxd4 Nc6 9. Qd1 Bxd6 10. Nc3 O-O 11. Be2 e5 12. O-O h6 13. Nd5 Nxd5 14. cxd5 Ne7 15. Bc4 f5 16. Re1 e4 17. Nd4 Qc7 18. b3 Bxh2+ 19. Kf1 Bd6 20. Bb2 a6 21. Rc1 Qd8 22. Ne6 Bxe6 23. dxe6 Rc8 24. Qd4 Rf6 25. Red1 Rc6 26. Qe3 Qc7 27. Bxf6 gxf6 28. a4 Kg7 29. Ke2 Ng6 30. Rh1 Bf4 31. Qc3 Bxc1 32. Qxc1 b5 33. Qxh6+ Kg8 34. Qxg6+ Qg7 35. e7+ bxc4 36. e8=Q# 1-0


[Site "https://www.chess.com"]

[Event "Titled Tuesday Blitz May 23 Early 2023"]
[White "Avazkhonov, Alikhon"]
[Black "Nugumanov, Bakhtiyar"]
[WhiteFideId "14208504"]
[BlackFideId "13701797"]
[WhiteElo "1739"]
[BlackElo "2209"]
[Result "1-0"]
[Round "02"]
[TimeControl "180+2"]
[Date "2023.05.23"]
[WhiteClock "0:00:05"]
[BlackClock "0:00:04"]

1. e4 e6 2. d4 d5 3. Nd2 Be7 4. Ngf3 Nf6 5. e5 Nfd7 6. Bd3 c5 7. c3 Nc6 8. O-O a5 9. b3 Qb6 10. Bb2 a4 11. Rb1 a3 12. Ba1 O-O 13. Qe2 cxd4 14. cxd4 Nb4 15. Rfd1 Nxa2 16. Nc4 dxc4 17. bxc4 Nb4 18. c5 Nxc5 19. dxc5 Qxc5 20. Qe4 Nxd3 21. Rxd3 Qc2 22. Rbd1 Ra4 23. Nd4 Qc7 24. Nxe6 Rxe4 25. Nxc7 Bf5 26. Nd5 Bc5 27. Rc3 b6 28. Rxc5 bxc5 29. Ne7+ Kh8 30. Nxf5 g6 31. e6+ f6 32. e7 Re8 33. Bxf6+ Kg8 34. Nh6# 1-0


[Site "https://www.chess.com"]

[Event "Titled Tuesday Blitz May 23 Early 2023"]
[White "Castellanos Gomez, Alejandro"]
[Black "Guevara Sanchez, Erick Marvin"]
[WhiteFideId "22284141"]
[BlackFideId "6700136"]
[WhiteElo "2158"]
[BlackElo "2040"]
[Result "1-0"]
[Round "02"]
[TimeControl "180+2"]
[Date "2023.05.23"]
[WhiteClock "0:00:51"]
[BlackClock "0:00:47"]

1. d4 Nf6 2. Bf4 g6 3. h4 Bg7 4. Nf3 O-O 5. Nc3 d6 6. e4 Nbd7 7. Qd2 c5 8. d5 a6 9. h5 Nxh5 10. Bh6 Ndf6 11. Bxg7 Nxg7 12. O-O-O b5 13. Qh6 Ngh5 14. Ng5 b4 15. Ne2 Qa5 16. Kb1 Bg4 17. f3 Bd7 18. g4 Ng7 19. e5 dxe5 20. Nxh7 b3 21. Nxf6+ exf6 22. Qh8# 1-0


[Site "https://www.chess.com"]

[Event "Titled Tuesday Blitz May 23 Early 2023"]
[White "Arcos Facio, Mateo"]
[Black "Zaitsev, Alexander"]
[WhiteFideId "3001199"]
[BlackFideId "4164490"]
[WhiteElo "2156"]
[BlackElo "2373"]
[Result "0-1"]
[Round "02"]
[TimeControl "180+2"]
[Date "2023.05.23"]
[WhiteClock "0:00:00"]
[BlackClock "0:00:05"]

1. e4 c5 2. Nf3 g6 3. c3 Bg7 4. d4 cxd4 5. Bc4 dxc3 6. Qb3 e6 7. Nxc3 Nc6 8. Bg5 Nge7 9. Nb5 O-O 10. O-O d5 11. Bd3 a6 12. Nc3 d4 13. Na4 e5 14. Nb6 Be6 15. Nd5 Bxd5 16. exd5 Qxd5 17. Qxb7 Ra7 18. Qb3 Rb8 19. Qxd5 Nxd5 20. Be4 Rd7 21. Rac1 Nce7 22. b3 Nc3 23. Rfe1 f5 24. Bd3 e4 25. Bc4+ Kf8 26. Nh4 Nc6 27. Bf4 Be5 28. Bh6+ Bg7 29. Bf4 Ne5 30. h3 Rbd8 0-1


[Site "https://www.chess.com"]

[Event "Titled Tuesday Blitz May 23 Early 2023"]
[White "Mrudul Dehankar"]
[Black "Ruge, Edison"]
[WhiteFideId "25096990"]
[BlackFideId "4401000"]
[WhiteElo "2139"]
[BlackElo "2175"]
[Result "0-1"]
[Round "02"]
[TimeControl "180+2"]
[Date "2023.05.23"]
[WhiteClock "0:00:03"]
[BlackClock "0:01:16"]

1. e4 e5 2. Nf3 Nc6 3. Bc4 Be7 4. d4 d6 5. Nc3 Nf6 6. h3 O-O 7. O-O Nxe4 8. Nxe4 d5 9. Nxe5 Nxe5 10. dxe5 dxc4 11. Qe2 Be6 12. Rd1 Qe8 13. Bf4 Qc6 14. Rd4 Rfd8 15. Rad1 Rxd4 16. Rxd4 Rd8 17. Qd2 Rxd4 18. Qxd4 h6 19. Be3 b6 20. f4 Bf5 21. Ng3 Bxc2 22. f5 Bc5 23. Qd8+ Kh7 24. Qd2 Bxe3+ 25. Qxe3 Bd3 26. Kh2 Qd5 27. Qf4 c5 28. Nh5 Qd4 29. Qg3 g5 30. Nf6+ Kg7 31. Ng4 Bxf5 32. Ne3 Be6 33. Nc2 Qf4 34. Qxf4 gxf4 35. Kg1 Kg6 36. Kf2 Kf5 37. Kf3 Bd5+ 38. Kf2 Kxe5 39. Ne1 Be4 40. Nf3+ Bxf3 41. Kxf3 f5 42. a3 b5 43. Kf2 a5 44. Ke2 Ke4 45. Kd2 f3 46. gxf3+ Kxf3 47. Kc3 0-1


[Site "https://www.chess.com"]

[Event "Titled Tuesday Blitz May 23 Early 2023"]
[White "Filipascu"]
[Black "Cardozo Munar, Carlos Eduardo"]
[BlackFideId "4409477"]
[WhiteElo "2451"]
[BlackElo "2067"]
[Result "1-0"]
[Round "02"]
[TimeControl "180+2"]
[Date "2023.05.23"]
[WhiteClock "0:00:37"]
[BlackClock "0:00:31"]

1. c4 c6 2. d4 d5 3. Nf3 Nf6 4. e3 e6 5. Nc3 Nbd7 6. Bd3 Bd6 7. e4 dxe4 8. Nxe4 Nxe4 9. Bxe4 e5 10. O-O O-O 11. dxe5 Nxe5 12. Nxe5 Bxe5 13. Bxh7+ Kxh7 14. Qh5+ Kg8 15. Qxe5 Re8 16. Qg3 Be6 17. b3 Qd4 18. Be3 Qb2 19. Rab1 Qf6 20. Rbd1 a5 21. Bd4 Qh6 22. f4 Rad8 23. f5 Bc8 24. f6 g6 25. Be3 Qh5 26. Rxd8 Rxd8 27. Qc7 Re8 28. Qf4 Qe2 29. Bc5 Kh7 30. h3 Qe5 31. Qxe5 Rxe5 32. Bb6 Be6 33. Kf2 a4 34. g4 axb3 35. axb3 g5 36. Kf3 Kg6 37. Bc7 Kxf6 38. Kg3+ Kg6 39. Bxe5 b5 40. Rf6+ Kh7 41. cxb5 cxb5 42. b4 Bc4 43. h4 gxh4+ 44. Kxh4 Kg8 45. Kg5 Kh7 46. Rh6+ Kg8 47. Rh8# 1-0


[Site "https://www.chess.com"]

[Event "Titled Tuesday Blitz May 23 Early 2023"]
[White "UNSTOPPABLE_LEGEND"]
[Black "Tarnowska, Aleksandra"]
[BlackFideId "1180967"]
[WhiteElo "2451"]
[BlackElo "1776"]
[Result "1-0"]
[Round "02"]
[TimeControl "180+2"]
[Date "2023.05.23"]
[WhiteClock "0:01:48"]
[BlackClock "0:00:03"]

1. c4 Nf6 2. Nc3 e5 3. Nf3 Nc6 4. e3 Bb4 5. Nd5 e4 6. Nxb4 Nxb4 7. Nd4 c5 8. a3 cxd4 9. axb4 d3 10. g4 d5 11. g5 Bg4 12. Qa4+ Nd7 13. Rg1 Be6 14. cxd5 Bxd5 15. b5 O-O 16. Qd4 Nb6 17. b4 Qe7 18. Bb2 f6 19. gxf6 Rxf6 20. Qxf6 Qxf6 21. Bxf6 g6 22. h4 Nc4 23. Bd4 Nd6 24. Rxa7 Rxa7 25. Bxa7 Nxb5 26. Bd4 Na3 27. Bh3 Nc2+ 28. Kd1 Kf7 29. Kc1 Nxb4 30. Kb2 Nc6 31. Kc3 b5 32. Rb1 b4+ 33. Rxb4 Nxb4 34. Kxb4 h5 35. Kc5 Bb3 36. Kd6 Ba4 37. Ke5 Bd1 38. Kxe4 Be2 39. Bg2 Ke6 40. Bf3 Bf1 41. Kf4 Kf7 42. Be4 Be2 43. Kg5 Bf1 44. Bxg6+ Ke6 45. Bxh5 Bg2 46. Bg4+ Kf7 47. h5 Kg8 48. h6 Be4 49. Be6+ Kh7 50. Bg7 Bg6 51. Bf5 Kg8 52. Bd4 Bf7 53. h7+ Kf8 54. Kf6 Bd5 55. h8=Q+ Bg8 56. Qg7+ Ke8 57. Qe7# 1-0


[Site "https://www.chess.com"]